 Dungeon Crawl Stone Soup version 0.30-a0-459-g9104f0fc43 (webtiles) character file.

Game seed: 8490966568512711329

0 NinjaNoafa the Magician (level 1, 0/18 HPs)
             Began as a Djinni Wanderer on Dec 15, 2022.
             Slain by a jackal (1 damage)
             ... on level 1 of the Dungeon.
             The game lasted 00:01:08 (55 turns).

NinjaNoafa the Magician (Djinni Wanderer)             Turns: 55, Time: 00:01:08

Health: 0/18       AC:  3    Str: 10    XL:     1   Next: 11%
Gold:   0          EV: 12    Int: 11    God:
                   SH:  0    Dex: 15

rFire   + + .      SeeInvis .    a - +0 dagger
rCold   x . .      Faith    .    (no shield)
rNeg    . . .      Spirit   .    c - +0 robe
rPois   ∞          Reflect  .    (no helmet)
rElec   .          Harm     .    d - +0 cloak
rCorr   .          Rampage  .    (no gloves)
Will    .....                    (boots unavailable)
Stlth   ++........               (no amulet)
HPRegen 0.23/turn                (no ring)
MPRegen 0.00/turn                (no ring)

@: flying
A: sickness immunity, fire resistance 2, cold vulnerability 1, float, innate
caster, HP casting, extra vitality 1
a: no special abilities


You were on level 1 of the Dungeon.
You visited 1 branch of the dungeon, and saw 1 of its levels.

Inventory:

Hand Weapons
 a - a +0 dagger (weapon)
Missiles
 e - 4 poisoned darts
Armour
 c - a +0 robe (worn)
 d - a +0 cloak (worn)


   Skills:
 + Level 2.0 Fighting
 - Level 1.0 Armour
 - Level 1.1 Dodging
 - Level 1.5 Stealth
 + Level 2.4 Spellcasting


You couldn't memorise any spells.
You knew the following spells:

 Your Spells              Type           Power      Damage    Failure   Level
a - Freeze                Ice            24%        1d4       11%         1
b - Hailstorm             Conj/Ice       6%         3d4       30%         3
c - Summon Ice Beast      Ice/Summ       6%         N/A       71%         4
d - Tukima's Dance        Hex            6%         N/A       30%         3
e - Slow                  Hex            24%        N/A       11%         1

Your spell library contained the following spells:

 Spells                   Type           Power      Damage    Failure   Level


Dungeon Overview and Level Annotations

Branches:
Dungeon (1/15)

Altars:


Innate Abilities, Weirdness & Mutations

You are immune to sickness and miasma.
You are immune to poison.
Your flesh is very heat resistant. (rF++)
You are vulnerable to cold. (rC-)
You float through the air rather than walking.
You learn spells naturally, not from books.
Your magical power is your life essence.
You have superior vitality. (+4 MHP)


Message History

The jackal bites you but does no damage.
Casting: Slow (safe; 11% risk of failure)
Confirm with . or Enter, or press ? or * to list all spells.
Aiming: Slow (safe; 11% risk of failure)
Press: ? - help, Shift-Dir - straight line, f/p - jackal
Aim: a jackal (chance to affect: 57%)
The jackal seems to slow down.
* * * LOW HITPOINT WARNING * * *
The jackal closely misses you.
The jackal is no longer moving slowly.
A quokka comes into view.
Found 7 gold pieces.
The jackal misses you. The jackal attacks as you move away!
The jackal misses you.
A giant cockroach comes into view.
The jackal barely misses you.
You hit the giant cockroach but do no damage.
The jackal bites you.
* * * LOW HITPOINT WARNING * * *
The giant cockroach bites you but does no damage.
A hobgoblin comes into view.
You closely miss the giant cockroach. The jackal closely misses you.
The giant cockroach bites you but does no damage.
The quokka bites you but does no damage.
The jackal closely misses you. The quokka attacks as you move away!
The quokka bites you.
* * * LOW HITPOINT WARNING * * *
The jackal attacks as you move away!
The jackal bites you but does no damage.
Found 4 gold pieces.
The giant cockroach bites you but does no damage.
The jackal attacks as you move away! The jackal bites you.
* * * LOW HITPOINT WARNING * * *
The giant cockroach barely misses you. The jackal bites you.
* * * LOW HITPOINT WARNING * * *
You aren't carrying any potions.
As you read the scroll of fog, it crumbles to dust.
The scroll dissolves into smoke.
The giant cockroach barely misses you.
The jackal bites you but does no damage.
The jackal bites you.
You die...

........#
.$.....##
.###.......#
#..........#
.......$.#
#......#
#.§§§§.#
#.h@#.# #hhB#.#
##..r#.#####
#...h......#
..........###.#
####.....## #.#
....g...# #h#
###.....# #.#
#...... #h#


You could see a quokka, 4 jackals, a giant cockroach and a hobgoblin.

Vanquished Creatures
  A ball python (D:1)
1 creature vanquished.

Notes
Turn   | Place    | Note
-------+----------+-------------------------------------------
     0 | D:1      | NinjaNoafa the Djinni Wanderer began the quest for the Orb.
     0 | D:1      | NinjaNoafa set off with the following items: a +0 dagger, a
                  | scroll of fog, a +0 robe, a +0 cloakthe following spells
                  | memorised: Freeze, Hailstorm, Summon Ice Beast, Tukima's
                  | Dance, Slow.
     0 | D:1      | Reached XP level 1. HP: 18/18 MP: 0/0
    55 | D:1      | Slain by a jackal

Illustrated notes

Levels and vault maps discovered:
D:1:      evilmike_arrival_crescent, layout_loops_ring, minivault_23

Action                   || total
-------------------------++-------
Melee: Dagger            ||     2
 Cast: Slow              ||     3
       Freeze            ||     3
  Use: Scroll            ||     1
Armor: Robe              ||     8
Dodge: Dodged            ||    12

Table legend: (Time is in decaauts)
 A = Elapsed time spent in this place.
 B = Non-inter-level travel time spent in this place.
 C = Inter-level travel time spent in this place.
 D = Time resting spent in this place.
 E = Time spent auto-exploring this place.
 F = Levels seen in this place.
 G = Mean time per level.
                   A        B        C        D        E       F      G
               +--------+--------+--------+--------+--------+-----+--------+
         Total |     55 |     55 |      0 |      0 |     13 |   1 |   55.0 |
       Dungeon |     55 |     55 |      0 |      0 |     13 |   1 |   55.0 |
               +--------+--------+--------+--------+--------+-----+--------+

Top non-repeatable levels by time:
     D:1: 55 daAuts
